 Dungeon Crawl Stone Soup version 0.21.1-1-g345015f (console) character file.

25288 korenel the Severer (level 13, -5/105 HPs)
             Began as a Hill Orc Air Elementalist on Apr 1, 2018.
             Was a High Priest of Okawaru.
             Slain by an ice devil (9 damage)
             ... in an ice cave.
             The game lasted 01:29:06 (13644 turns).

korenel the Severer (Hill Orc Air Elementalist)    Turns: 13644, Time: 01:29:07

Health: -5/105     AC: 20    Str: 17    XL:     13   Next: 18%
Magic:  10/16      EV: 16    Int: 19    God:    Okawaru [*****.]
Gold:   867        SH:  0    Dex: 11    Spells: 8/15 levels left

rFire    + . .     SeeInvis .   a - +1 battleaxe
rCold    + . .     Gourm    .   (shield currently unavailable)
rNeg     . . .     Faith    +   n - +7 ring mail of Okawaru's Displeasure {*Drain rPois Int+2 Stlth+}
rPois    +         Spirit   .   I - +2 hat {Int+3}
rElec    .         Reflect  .   z - scarf {repulsion}
rCorr    .         Harm     .   M - +2 pair of gloves
MR       +....                  (no boots)
Stlth    +++.......             k - amulet of faith
HPRegen  0.27/turn              l - ring of protection from magic
MPRegen  0.15/turn              H - ring of protection from fire

@: heroism, finesse, hasted, repel missiles, very quick
A: cold resistance 1, dopey 1, strong 1
a: Heroism, Finesse, Renounce Religion


You were in an ice cave.
You worshipped Okawaru.
Okawaru was extremely pleased with you.
You were not hungry.

You visited 3 branches of the dungeon, and saw 16 of its levels.
You also visited: Ice Cave.

You collected 991 gold pieces.
You spent 124 gold pieces at shops.

Inventory:

Hand Weapons
 a - a +1 battleaxe (weapon)
 b - a +0 war axe of flaming
 c - a +0 blowgun
Missiles
 x - 2 throwing nets (quivered)
 G - 2 javelins
Armour
 j - a +2 buckler of cold resistance
 n - the +7 ring mail of Okawaru's Displeasure (worn) {*Drain rPois Int+2 Stlth+}
   (Okawaru gifted it to you on level 10 of the Dungeon)

   It affects your intelligence (+2).
   It protects you from poison.
   It causes draining when unequipped.
   It makes you more stealthy.
 r - a +0 helmet
 s - a +2 cloak
 z - a scarf of repulsion (worn)
 I - a +2 hat of intelligence (worn)
 M - a +2 pair of gloves (worn)
Magical Staves
 w - an uncursed staff of air
Jewellery
 d - an uncursed ring of positive energy
 k - an amulet of faith (around neck)
 l - a ring of protection from magic (left hand)
 H - a ring of protection from fire (right hand)
Wands
 g - a wand of scattershot (3)
 h - a wand of polymorph (12)
 i - a wand of clouds (7)
 t - a wand of iceblast (5)
 F - a wand of disintegration (3)
Scrolls
 p - a scroll of enchant armour
 y - 2 scrolls of enchant weapon
 C - 5 scrolls of remove curse
 D - 2 scrolls of fog
 E - 5 scrolls of immolation
Potions
 f - a potion of cancellation
 m - 2 potions of lignification
 A - a potion of flight
 B - 4 potions of brilliance
Books
 e - a book of Air

   Spells                             Type                      Level
   a - Shock                          Conjuration/Air              1
   b - Swiftness                      Charms/Air                   2
   c - Static Discharge               Conjuration/Air              3
   d - Airstrike                      Air                          4
   e - Lightning Bolt                 Conjuration/Air              5
 K - a book of Annihilations

   Spells                             Type                      Level
   a - Poison Arrow                   Conjuration/Poison           6
   b - Chain Lightning                Conjuration/Air              8
   c - Lehudib's Crystal Spear        Conjuration/Earth            8
   d - Glaciate                       Conjuration/Ice              9
   e - Fire Storm                     Conjuration/Fire             9
Comestibles
 q - 16 rations


   Skills:
 + Level 7.0(12.0) Fighting
 * Level 17.6(22.6) Axes
 + Level 8.0(13.0) Armour
 + Level 6.3(11.3) Dodging
 - Level 1.5(6.5) Stealth
 - Level 1.5 Spellcasting
 + Level 7.7 Conjurations
 - Level 5.0 Air Magic
 - Level 5.0 Invocations
 - Level 5.0 Evocations


You had 8 spell levels left.
You knew the following spells:

 Your Spells              Type           Power        Failure   Level  Hunger
b - Conjure Flame         Conj/Fire      ###.....     17%         3    ####...
s - Swiftness             Chrm/Air       ##......     14%         2    ###....
B - Blink                 Tloc           N/A          38%         2    ###....


Dungeon Overview and Level Annotations

Branches:
Dungeon (14/15)            Temple (1/1) D:7            Lair (1/6) D:10
    Orc (0/2) D:12         Vaults (0/5) D:13

Altars:
Ashenzari
Cheibriados
Dithmenos
Elyvilon
Fedhas
Gozag
Hepliaklqana
Kikubaaqudgha
Makhleb
Nemelex Xobeh
Okawaru
Qazlal
Ru
Sif Muna
Trog
Uskayaw
Vehumet
Wu Jian
Xom
Yredelemnul
Zin
The Shining One

Shops:
D:9 ?*?*?   D:10 (

Annotations:
IceCv exclusion: 2 ice statues


Innate Abilities, Weirdness & Mutations

Your flesh is cold resistant. (rC+)
You are dopey. (Int -2)
Your muscles are strong. (Str +2)


Message History

You closely miss the reaper. You hit the ice devil but do no damage.
The ice devil hits you!
* * * LOW HITPOINT WARNING * * *
The ice devil freezes you! You resist.
* * * LOW HITPOINT WARNING * * *
Okay, then.
Unknown command.
You barely miss the reaper. You slash the ice devil!
Press: ? - help, v - describe, . - travel
Here: an ice devil (lightly wounded)
The floor.
Okay, then.
The reaper hits you with a scythe of freezing.
* * * LOW HITPOINT WARNING * * *
The reaper freezes you.
* * * LOW HITPOINT WARNING * * *
The ice devil hits you!
* * * LOW HITPOINT WARNING * * *
The ice devil freezes you! You resist.
You die...

#...## .§§4§.## ##...# #
.§§ §§§# #..## ##.
§.4##.§## #...#### #..
#..#.§.§# ##..#..##
#..#.##.#..# #..#...##
#.#..#§#..##.## #.......#
.#.....§....#..#
#...##..##
............@..#
#..###...#
.#..####...#24.#
##.#.##.≈# #.........#...#
##....#..#
##........#.§.###....##§.#
#...#..###§§§.##....#..##
##..#.##§§....##...##..#
#. #.#§§..§#..##[.#..## ##
§..§§≈§###..####..#
§§§§§§§§# #...###.##


You could see a reaper and an ice devil.

Vanquished Creatures
  Gastronok (D:10)
  4 two-headed ogres
  A shadow wraith (D:13)
  An iron troll (D:13)
  The ghost of rolf the Martial Artist, a novice DsTm (D:8)
  An unseen horror (D:12)
  A wizard (D:13)
  Pikel (D:7)
  The ghost of erlk the Spear-Bearer, a novice MiFi (D:5)
  2 cyclopes (D:11)
  Joseph (D:9)
  The ghost of elekro the Chopper, a novice DDTm (D:6)
  Maurice (D:11)
  A spiny frog (Lair:1)
  2 centaur skeletons
  Psyche (D:9)
  A komodo dragon (D:10)
  4 ice devils (IceCv)
  A troll (D:12)
  A queen bee (D:9)
  A hornet (D:13)
  4 hippogriffs
  4 blink frogs (Lair:1)
  A shadow (D:13)
  17 yaks
  A wyvern (D:13)
  4 wraiths
  Grum (D:10)
  A basilisk (D:12)
  A warg (D:12)
  A soldier ant (D:13)
  2 water moccasins (D:7)
  2 acid dragons
  Duvessa (D:6)
  7 orc warriors
  10 ice beasts
  4 slaves (D:7)
  A necrophage (D:8)
  An eye of draining (D:13)
  4 sky beasts
  A phantom (D:10)
  4 ogres
  3 wolves (D:10)
  The ghost of zkobry the Chopper, an amateur DsMo (D:4)
  A centaur (D:9)
  A crocodile (D:11)
  3 big kobolds
  A wyvern zombie (D:12)
  7 bullfrogs
  A gnoll sergeant (D:7)
  Dowan (D:6)
  21 killer bees
  5 wights (D:9)
  5 howler monkeys
  4 crimson imps
  A centaur zombie (D:9)
  A bullfrog zombie (D:6)
  3 quasits
  4 hounds
  3 jellies
  Crazy Yiuf (D:2)
  9 orc priests
  6 bullfrog skeletons
  Terence (D:2)
  4 iguanas
  Natasha (thrice) (D:2)
  7 orc wizards
  7 worker ants
  Robin (D:2)
  14 gnolls
  8 adders
  A shadow imp (D:6)
  10 white imps (IceCv)
  6 ufetubi (IceCv)
  An ooze (D:4)
  An adder zombie (D:10)
  3 adder skeletons
  3 worms
  A dart slug (D:4)
  6 leopard geckos
  34 orcs
  11 bats
  5 giant cockroaches
  14 goblins
  8 hobgoblins
  2 jackals (D:8)
  2 quokkas
  3 ball pythons
  8 frilled lizards
  25 kobolds
  5 rats
377 creatures vanquished.

Vanquished Creatures (collateral kills)
  A centaur (D:10)
  3 killer bees (D:10)
4 creatures vanquished.

Vanquished Creatures (others)
  A two-headed ogre (D:10)
  4 killer bees (D:10)
  A white imp (IceCv)
  4 ufetubi (IceCv)
  A bush (D:14)
  3 plants (D:10)
14 creatures vanquished.

Grand Total: 395 creatures vanquished

Notes
Turn   | Place    | Note
-------+----------+-------------------------------------------
     0 | D:1      | korenel the Hill Orc Air Elementalist began the quest for the Orb.
     0 | D:1      | Reached XP level 1. HP: 14/14 MP: 3/3
   102 | D:1      | Reached XP level 2. HP: 5/20 MP: 1/4
   661 | D:2      | Reached XP level 3. HP: 25/26 MP: 5/5
   702 | D:2      | Learned a level 2 spell: Swiftness
   997 | D:2      | Noticed Robin
  1038 | D:2      | Noticed Terence
  1092 | D:2      | Killed Terence
  1092 | D:2      | Reached XP level 4. HP: 16/33 MP: 1/6
  1138 | D:2      | Killed Robin
  1278 | D:2      | Reached skill level 1 in Fighting
  1351 | D:2      | Noticed Natasha
  1419 | D:3      | Reached XP level 5. HP: 39/40 MP: 5/7
  1882 | D:3      | Found a white marble altar of Elyvilon.
  2285 | D:2      | Found a runed door.
  2289 | D:2      | Noticed Crazy Yiuf
  2360 | D:2      | Killed Crazy Yiuf
  2483 | D:2      | Killed Natasha
  2483 | D:2      | Reached XP level 6. HP: 49/50 MP: 3/8
  2729 | D:2      | Noticed Natasha
  2740 | D:2      | Killed Natasha
  2779 | D:2      | Noticed Natasha
  2795 | D:2      | Killed Natasha
  2913 | D:4      | Noticed zkobry's ghost (amateur DsMo)
  3125 | D:4      | Found a snail-covered altar of Cheibriados.
  3127 | D:4      | Found a hazy altar of Hepliaklqana.
  3130 | D:4      | Found an ornate altar of the Wu Jian Council.
  3131 | D:4      | Found a blossoming altar of Fedhas.
  3131 | D:4      | Found a hide-covered altar of Uskayaw.
  3131 | D:4      | Found a glowing silver altar of Zin.
  3132 | D:4      | Found a shimmering altar of Xom.
  3133 | D:4      | Found a shattered altar of Ashenzari.
  3222 | D:4      | Reached XP level 7. HP: 40/57 MP: 3/9
  3395 | D:5      | Entered Level 5 of the Dungeon
  3448 | D:5      | Noticed erlk's ghost (novice MiFi)
  3474 | D:5      | Killed erlk's ghost
  3474 | D:5      | Reached skill level 5 in Conjurations
  3474 | D:5      | Reached XP level 8. HP: 59/67 MP: 10/10
  3610 | D:5      | Reached skill level 5 in Fighting
  3873 | D:5      | Found a burning altar of Makhleb.
  3873 | D:5      | Noticed a balrug
  4380 | D:4      | Killed zkobry's ghost
  4703 | D:6      | Noticed elekro's ghost (novice DDTm)
  4717 | D:7      | Noticed a hippogriff
  4725 | D:7      | Reached skill level 1 in Axes
  4796 | D:7      | Reached skill level 2 in Axes
  4867 | D:7      | Reached skill level 3 in Axes
  4884 | D:7      | Found a staircase to the Ecumenical Temple.
  4893 | Temple   | Entered the Ecumenical Temple
  4913 | Temple   | Became a worshipper of Warmaster Okawaru
  4951 | D:7      | Learned a level 3 spell: Conjure Flame
  4954 | D:7      | Learned a level 2 spell: Blink
  5016 | D:7      | Reached skill level 4 in Axes
  5056 | D:7      | Reached skill level 5 in Air Magic
  5119 | D:6      | Reached skill level 5 in Axes
  5124 | D:6      | Killed elekro's ghost
  5124 | D:6      | Reached * piety under Okawaru
  5124 | D:6      | Reached skill level 7 in Axes
  5124 | D:6      | Reached XP level 9. HP: 45/74 MP: 0/11
  5286 | D:6      | Noticed Dowan
  5314 | D:6      | Killed Dowan
  5314 | D:6      | Reached skill level 8 in Axes
  5364 | D:6      | Noticed Duvessa
  5420 | D:6      | Killed Duvessa
  5528 | D:7      | Reached skill level 9 in Axes
  5632 | D:7      | Reached ** piety under Okawaru
  5632 | D:7      | Reached skill level 1 in Invocations
  5793 | D:7      | Reached skill level 10 in Axes
  6315 | D:7      | Noticed Pikel
  6372 | D:7      | Killed Pikel
  6372 | D:7      | Reached *** piety under Okawaru
  6372 | D:7      | Reached XP level 10. HP: 68/81 MP: 7/13
  6415 | D:7      | Reached skill level 11 in Axes
  6644 | D:7      | Found a glowing golden altar of the Shining One.
  6843 | D:8      | Noticed a two-headed ogre
  7060 | D:8      | You fall through a shaft for 2 floors!
  7060 | D:10     | Entered Level 10 of the Dungeon
  7215 | D:9      | Reached **** piety under Okawaru
  7218 | D:9      | Reached skill level 5 in Armour
  7218 | D:9      | Reached skill level 5 in Invocations
  7302 | D:9      | Found Setainusch's Assorted Antiques.
  7321 | D:9      | Found Nafeisyl's Magic Scroll Emporium.
  7376 | D:9      | Found Ipruissot's Magic Scroll Shoppe.
  7395 | D:9      | Found Enusa's Magic Scroll Boutique.
  7460 | D:9      | Noticed Joseph
  7504 | D:9      | Bought a short brass wand for 124 gold pieces
  7515 | D:9      | Killed Joseph
  7680 | D:9      | Found Wiutehae's General Store.
  7734 | D:9      | Noticed Psyche
  7748 | D:9      | Killed Psyche
  7748 | D:9      | Reached skill level 12 in Axes
  7805 | D:9      | Found a deep blue altar of Sif Muna.
  7856 | D:8      | Reached skill level 1 in Evocations
  8026 | D:8      | Found a shimmering altar of Xom.
  8026 | D:8      | Found a shimmering altar of Xom.
  8035 | D:8      | Found a shimmering altar of Xom.
  8045 | D:8      | Found a shimmering altar of Xom.
  8045 | D:8      | Found a shimmering altar of Xom.
  8046 | D:8      | Found a shimmering altar of Xom.
  8088 | D:8      | Noticed rolf's ghost (novice DsTm)
  8120 | D:8      | Killed rolf's ghost
  8277 | D:8      | Killed a two-headed ogre
  8277 | D:8      | Reached ***** piety under Okawaru
  8277 | D:8      | Reached XP level 11. HP: 62/88 MP: 0/14
  8447 | D:9      | Reached skill level 5 in Dodging
  8515 | D:9      | Found an ancient bone altar of Kikubaaqudgha.
  8519 | D:9      | Found a sacrificial altar of Ru.
  8858 | D:10     | Noticed a six-headed hydra
  8932 | D:10     | Noticed Gastronok
  9036 | D:9      | Noticed a two-headed ogre
  9051 | D:9      | Killed a two-headed ogre
  9111 | D:9      | Reached skill level 13 in Axes
  9142 | D:10     | Noticed a two-headed ogre
  9272 | D:10     | Found Doust's Weapon Boutique.
  9383 | D:10     | Noticed Grum
  9583 | D:10     | Received a gift from Okawaru
  9584 | D:10     | Got a fine ring mail {god gift}
  9609 | D:10     | Identified the +7 ring mail of Okawaru's Displeasure {*Drain rPois Int+2 Stlth+} (Okawaru gifted it to you on level 10 of the Dungeon)
  9629 | D:10     | Found a staircase to the Lair.
  9714 | D:10     | Noticed Maurice
  9870 | D:11     | Noticed a cyclops
  9883 | D:11     | Killed a cyclops
 10212 | D:11     | Noticed a cyclops
 10293 | D:11     | Killed a cyclops
 10446 | D:12     | Reached skill level 14 in Axes
 10502 | D:12     | Noticed a two-headed ogre
 11023 | D:12     | Reached skill level 5 in Evocations
 11040 | D:12     | Reached XP level 12. HP: 86/94 MP: 15/15
 11043 | D:12     | Noticed a two-headed ogre
 11066 | D:12     | Killed a two-headed ogre
 11066 | D:12     | Reached skill level 15 in Axes
 11132 | D:12     | Found a staircase to the Orcish Mines.
 11216 | D:12     | Found a blossoming altar of Fedhas.
 11345 | D:13     | Noticed an iron troll
 11366 | D:13     | Reached skill level 16 in Axes
 11373 | D:13     | Killed an iron troll
 11373 | D:13     | Received a gift from Okawaru
 11400 | D:13     | Found a gate to the Vaults.
 12520 | D:12     | Killed a two-headed ogre
 12520 | D:12     | Reached skill level 17 in Axes
 12835 | D:11     | Killed Maurice
 12867 | D:10     | Gained mutation: You are dopey. (Int -2) [potion of mutation]
 12867 | D:10     | Gained mutation: Your flesh is cold resistant. (rC+) [potion of mutation]
 12867 | D:10     | Gained mutation: Your muscles are strong. (Str +2) [potion of mutation]
 12889 | D:10     | Killed Gastronok
 12889 | D:10     | Received a gift from Okawaru
 12891 | D:10     | Killed Grum
 13020 | Lair:1   | Entered Level 1 of the Lair of Beasts
 13027 | Lair:1   | Reached XP level 13. HP: 103/103 MP: 16/16
 13200 | Lair:1   | Found a frozen archway.
 13241 | IceCv    | Entered an ice cave
 13627 | IceCv    | Noticed a reaper
 13644 | IceCv    | HP: 4/105 [ice devil (13)]
 13644 | IceCv    | Slain by an ice devil

Skill      XL: |  1  2  3  4  5  6  7  8  9 10 11 12 13 |
---------------+----------------------------------------+-----
Conjurations   | 2 3 4 5 6 7 |  7.7
Air Magic      | 3 4 5 |  5.0
Fighting       | 1 2 3 4 5 6 7 |  7.0
Armour         | 2 3 4 6 7 8 |  8.0
Dodging        | 2 3 4 5 6 |  6.3
Axes           | 7 10 12 14 17 | 17.6
Invocations    | 4 5 |  5.0
Evocations     | 2 5 |  5.0
Stealth        | |  1.5
Spellcasting   | |  1.5

Action                   |  1- 3 |  4- 6 |  7- 9 | 10-12 | 13-15 || total
-------------------------+-------+-------+-------+-------+-------++-------
Melee: Unarmed           |     5 |       |       |       |       ||     5
       Whip              |    36 |     3 |       |   209 |       ||   248
       Dagger            |       |    36 |     4 |       |       ||    40
       Quarterstaff      |       |       |   133 |    21 |       ||   154
       Short sword       |       |       |    22 |    11 |       ||    33
       Battleaxe         |       |       |     6 |   396 |    87 ||   489
       Punch             |       |       |       |     2 |     2 ||     4
       Hand axe          |       |       |       |     9 |       ||     9
       Staff             |       |       |       |     2 |       ||     2
       War axe           |       |       |       |       |    46 ||    46
Throw: Throwing net      |       |       |     1 |     1 |       ||     2
 Cast: Shock             |    53 |   111 |   179 |    89 |       ||   432
       Conjure Flame     |       |       |     3 |    22 |     1 ||    26
       Blink             |       |       |       |     3 |       ||     3
Invok: Heroism           |       |       |     3 |    30 |     7 ||    40
       Finesse           |       |       |       |       |     1 ||     1
Evoke: Wand              |       |       |       |    32 |       ||    32
  Use: Scroll            |     5 |     5 |    11 |    12 |     1 ||    34
       Potion            |       |     3 |     8 |    12 |     1 ||    24
 Stab: Paralysed         |       |       |     4 |     2 |       ||     6
       Distracted        |       |       |       |     2 |       ||     2
       Sleeping          |       |       |       |     1 |     2 ||     3
  Eat: Chunk             |     2 |     2 |     6 |    16 |       ||    26
       Ration            |       |     2 |     3 |     4 |     1 ||    10
Armor: Robe              |    25 |    29 |     4 |       |       ||    58
       Skin              |       |       |    40 |    60 |       ||   100
       Leather armour    |       |       |    91 |    24 |       ||   115
       Ring mail         |       |       |       |   214 |    55 ||   269
Dodge: Dodged            |    64 |    79 |   168 |   341 |    90 ||   742
       Deflected         |       |       |       |       |     4 ||     4
